Map: Berlingrad LE

Players

sirPlayALot - Winner!

  • Race: Protoss Protoss
  • League: Diamond

CheeseKiller

  • Race: Zerg Zerg
  • League: Diamond

VOD

Have the link to the VOD?

Description

help

Time

  • Played on: Jan. 17, 2022, 10:40 p.m.
  • Length: 12:37
Show
View Real Time Build Order
Export as new Build Order

sirPlayALot Protoss - Winner!

Build Orders: Forge Fast Expand (FFE), Carriers 

Get SALT Encoding   

  12  0:00  Probe  
  13  0:12  Probe  
  14  0:19  Pylon  
  14  0:24  Probe (Chrono Boost)  
  15  0:37  Probe (Chrono Boost)  
  15  0:40  Forge  
  16  0:45  Probe (Chrono Boost)  
  17  0:52  Probe  
  18  0:57  Pylon  
  19  1:04  Probe (Chrono Boost)  
  19  1:15  Probe (Chrono Boost)  
  20  1:19  Probe (Chrono Boost)  
  21  1:29  Nexus  
  21  1:34  Probe  
  22  1:41  Gateway  
  22  1:44  Assimilator  
  22  1:48  Assimilator  
  22  1:52  Probe  
  23  1:58  Pylon  
  23  2:04  Probe  
  24  2:14  Photon Cannon  
  24  2:16  Probe  
  24  2:21  Photon Cannon  
  25  2:28  Probe (Chrono Boost)  
  26  2:30  Pylon  
  26  2:40  Probe (Chrono Boost)  
  27  2:47  Cybernetics Core  
  27  2:53  Probe (Chrono Boost)  
  28  2:58  Assimilator  
  28  2:59  Assimilator  
  28  3:03  Probe (Chrono Boost)  
  28  3:04  Probe (Chrono Boost)  
  30  3:13  Probe (Chrono Boost)  
  30  3:14  Pylon  
  32  3:22  Probe (Chrono Boost)  
  32  3:23  Pylon  
  32  3:25  Probe (Chrono Boost)  
  33  3:28  Probe (Chrono Boost)  
  34  3:35  Photon Cannon  
  34  3:43  Stalker  
  34  3:44  Stargate  
  34  3:48  Probe (Chrono Boost)  
  37  3:51  Pylon  
  37  3:55  Probe (Chrono Boost)  
  39  4:05  Probe (Chrono Boost)  
  39  4:09  Probe (Chrono Boost)  
  39  4:11  Probe (Chrono Boost)  
  41  4:18  Photon Cannon  
  41  4:21  Photon Cannon  
  41  4:24  Probe (Chrono Boost)  
  41  4:29  Probe (Chrono Boost)  
  41  4:30  Void Ray  
  43  4:31  Shield Battery  
  43  4:33  Shield Battery  
  43  4:37  Probe (Chrono Boost)  
  47  4:39  Probe (Chrono Boost)  
  47  4:44  Pylon  
  49  4:49  Pylon, Probe  
  50  5:05  Pylon  
  50  5:06  Shield Battery  
  50  5:07  Void Ray  
  50  5:08  Probe x2  
  56  5:14  Protoss Shields Level 1  
  56  5:22  Probe x2  
  56  5:28  Protoss Air Weapons Level 1  
  58  5:31  Nexus  
  58  5:34  Pylon  
  58  5:38  Probe  
  59  5:44  Pylon  
  59  5:45  Probe  
  60  5:50  Photon Cannon, Probe  
  60  5:55  Stargate  
  61  5:59  Stargate  
  61  6:08  Probe x2, Fleet Beacon  
  63  6:14  Shield Battery  
  63  6:16  Photon Cannon  
  63  6:19  Void Ray  
  63  6:23  Probe  
  63  6:24  Probe  
  69  6:36  Probe x2  
  69  6:37  Assimilator  
  71  6:42  Pylon, Assimilator  
  71  6:48  Probe x2  
  73  6:54  Carrier  
  73  6:58  Probe  
  73  7:00  Probe x2  
  82  7:02  Shield Battery  
  82  7:04  Shield Battery  
  82  7:09  Void Ray  
  82  7:13  Carrier (Chrono Boost)  
  92  7:16  Probe x2  
  94  7:29  Cybernetics Core, Protoss Air Armor Level 1 (Chrono Boost)  
  94  7:32  Twilight Council  
  94  7:35  Probe x3  
  97  7:43  Photon Cannon  
  97  7:45  Shield Battery  
  97  7:50  Probe x2  
  99  8:03  Stargate  
  99  8:04  Carrier (Chrono Boost), Stargate  
  99  8:05  Carrier (Chrono Boost)  
  111  8:14  Protoss Shields Level 2 (Chrono Boost)  
  111  8:28  Probe x3  
  111  8:30  Protoss Air Weapons Level 2 (Chrono Boost), Shield Battery  
  111  8:33  Shield Battery  
  114  8:36  Pylon  
  114  8:40  Carrier (Chrono Boost), Probe  
  115  8:42  Pylon  
  115  8:45  Probe x2  
  123  8:52  Void Ray (Chrono Boost)  
  123  8:53  Carrier (Chrono Boost)  
  123  8:58  Pylon  
  133  9:13  Void Ray  
  133  9:17  Nexus  
  133  9:20  Pylon, Void Ray  
  141  9:34  Carrier (Chrono Boost)  
  147  9:39  Pylon  
  147  9:47  Robotics Facility  
  147  9:56  Photon Cannon  
  147  9:57  Void Ray (Chrono Boost)  
  147  9:59  Photon Cannon  
  153  10:00  Carrier (Chrono Boost), Shield Battery  
  153  10:07  Shield Battery, Photon Cannon  
  157  10:19  Assimilator, Void Ray (Chrono Boost)  
  161  10:23  Assimilator  
  161  10:29  Photon Cannon  
  161  10:35  Photon Cannon  
  161  10:36  Void Ray x2  
  161  10:37  Photon Cannon, Void Ray  
  161  10:42  Shield Battery  
  169  10:47  Shield Battery  
  169  10:48  Pylon  
  173  10:51  Void Ray  
  173  10:54  Observer  
  178  11:04  Void Ray  
  178  11:06  Photon Cannon  
  178  11:08  Photon Cannon  
  182  11:13  Void Ray  
  182  11:14  Void Ray  
  181  11:24  Void Ray  
  182  11:28  Observer  
  182  11:30  Void Ray  
  161  11:41  Void Ray  
  161  12:04  Assimilator  
  161  12:06  Pylon  
  161  12:08  Pylon  
Show
View Real Time Build Order
Export as new Build Order

CheeseKiller Zerg 

Build Orders: Hatch First, Brood Lord Corruptor 

Get SALT Encoding   

  12  0:01  Drone  
  13  0:12  Overlord  
  13  0:18  Drone  
  14  0:31  Drone x2  
  16  0:49  Hatchery  
  15  0:52  Drone  
  15  0:56  Drone  
  17  0:59  Drone  
  18  1:09  Extractor  
  17  1:15  Spawning Pool  
  16  1:18  Drone  
  16  1:22  Drone  
  18  1:28  Drone  
  19  1:41  Drone  
  20  2:00  Drone  
  21  2:01  Queen  
  21  2:02  Zergling x2, Queen  
  21  2:05  Overlord  
  26  2:18  Drone x2  
  28  2:36  Hatchery  
  27  2:38  Drone x4  
  31  2:52  Overlord x2  
  33  2:58  Drone x2  
  33  3:17  Drone x6  
  39  3:27  Drone x2  
  39  3:31  Queen  
  43  3:41  Drone  
  43  3:45  Drone x2  
  46  3:53  Drone x5  
  51  3:58  Lair  
  51  4:01  Drone x3  
  54  4:07  Queen  
  56  4:16  Overlord  
  56  4:17  Overlord x2  
  56  4:20  Queen  
  58  4:27  Overlord x3  
  58  4:37  Drone  
  58  4:38  Drone x6  
  65  4:45  Drone x3, Extractor  
  67  4:58  Drone x5  
  67  4:59  Drone x5  
  77  5:02  Spire  
  77  5:03  Queen x3  
  77  5:06  Hatchery  
  81  5:14  Extractor x2  
  79  5:24  Drone x2  
  79  5:25  Drone x4  
  85  5:31  Metabolic Boost, Extractor  
  85  5:32  Extractor  
  83  5:38  Queen  
  83  5:39  Queen x2  
  89  5:55  Evolution Chamber  
  88  5:57  Evolution Chamber, Overlord  
  87  6:07  Drone x11  
  87  6:08  Overlord x2  
  98  6:22  Zerg Flyer Armor Level 1  
  98  6:29  Drone x9  
  98  6:32  Spore Crawler  
  106  6:41  Corruptor  
  106  6:42  Corruptor x5  
  106  6:45  Corruptor  
  120  6:48  Overlord x4  
  120  6:51  Zerg Melee Weapons Level 1, Zerg Ground Armor Level 1  
  120  6:56  Infestation Pit  
  120  6:58  Extractor  
  120  6:59  Drone x2, Extractor  
  120  7:00  Drone  
  120  7:01  Overlord x4  
  120  7:14  Hatchery  
  119  7:21  Corruptor x5  
  129  7:35  Corruptor x2  
  132  7:37  Overlord x2  
  132  7:39  Drone x7  
  132  7:40  Drone  
  132  7:43  Hive  
  140  7:57  Corruptor  
  140  7:58  Corruptor x2  
  146  8:04  Extractor  
  145  8:06  Extractor  
  144  8:18  Corruptor  
  144  8:19  Corruptor x3  
  152  8:26  Spore Crawler  
  151  8:29  Spine Crawler x2  
  151  8:30  Spore Crawler  
  151  8:33  Spore Crawler, Spine Crawler x2  
  145  8:35  Spine Crawler x2  
  145  8:37  Spine Crawler  
  145  8:38  Spine Crawler  
  145  8:40  Drone x3, Spine Crawler x2  
  145  8:41  Drone, Spine Crawler  
  142  8:43  Drone x3  
  142  8:44  Drone x4  
  142  8:45  Drone x2  
  142  8:47  Drone x3  
  154  8:55  Greater Spire  
  154  8:56  Zerg Ground Armor Level 2, Zerg Melee Weapons Level 2  
  154  9:07  Corruptor x5  
  164  9:42  Corruptor x3  
  164  9:43  Corruptor x4  
  178  10:10  Brood Lord x3  
  178  10:11  Brood Lord x3  
  178  10:13  Brood Lord  
  192  10:17  Brood Lord  
  194  10:33  Corruptor x2  
  170  11:35  Corruptor x13  
  170  11:36  Corruptor x4  
  174  11:48  Corruptor x3  
  168  12:04  Corruptor  
  168  12:05  Corruptor x2  
Tags
 
Add a new tag
Caveats
  • Supply blocks, unpowered buildings, or Contaminate may cause inaccurate times.
  • Supply counts are checked every 10 seconds.